 Dungeon Crawl Stone Soup version 0.31-a0-774-g0d66cbabe8 (webtiles) character file.

Game seed: 11903205057931366725

1573197 EnegeticOcto the Metallomancer (level 27, 180/207 HPs)
             Began as a Formicid Earth Elementalist on Sept 16, 2023.
             Was a High Priest of Hepliaklqana.
             Escaped with the Orb
             ... and 3 runes on Sept 17, 2023!
             The game lasted 02:20:58 (74713 turns).

EnegeticOcto the Metallomancer (FoEE)              Turns: 74713, Time: 02:20:58

Health: 180/207    AC: 21    Str: 25    XL:     27
Magic:  28/57      EV: 22    Int: 32    God:    Hepliaklqana [*****.]
Gold:   3082       SH: 20    Dex: 35    Spells: 15/68 levels left

rFire   + + +        x - staff of earth
rCold   + + .        r - +3 kite shield {AC+3}
rNeg    + . .        e - +5 chain mail of Veven {-Tele Rampage rPois Dex+7}
rPois   +            (helmet unavailable)
rElec   +            z - scarf "Kiwug" {rC+ rF+, Str+3 Dex+4}
rCorr   +            u - +2 pair of gloves {Str+3}
SInv    +            h - +0 pair of boots of the Curupira {-Tele Str+3 Dex+6}
Will    +++..        Y - amulet of magic regeneration
Stlth   +            H - ring of Riptoch {rN+ Will+ MP+9 Dex+6}
HPRegen 0.54/turn    y - ring "Hosahoc" {rElec rF+ Int+6}
MPRegen 0.75/turn

%: rampage
@: brilliant, resistant, studying 2 skills
A: reduced essence, permanent stasis, dig shafts and tunnels, antennae 3, four
strong arms, hooves 1, clumsy 1, deformed body, inability to drink after injury
1, MP-powered wands
0: Orb of Zot
}: 3/15 runes: decaying, serpentine, silver
a: Dig, Shaft Self, Renounce Religion, Recall Ancestor, Ancestor Identity,
Transference, Idealise


You escaped.
You worshipped Hepliaklqana.
Hepliaklqana was extremely pleased with you.
You visited 10 branches of the dungeon, and saw 48 of its levels.
You visited the Abyss 1 time.
You visited 1 bazaar.
You also visited: Trove, Bailey, Gauntlet, Ice Cave and Wizlab.

You collected 9405 gold pieces.
You spent 6323 gold pieces at shops.

Inventory:

Hand Weapons
 v - the +6 short sword "Quaxios" {heavy, rElec rPois rF+ Will+}
   (You took it off a necromancer on level 5 of the Lair of Beasts)

   rF+:       It protects you from fire.
   rElec:     It insulates you from electricity.
   rPois:     It protects you from poison Will+: It increases your willpower.
 F - the +6 Majin-Bo {spellvamp, MP+6 Int+6}
   (You took it off a Hellbinder in a wizard's laboratory)

   Int+6:     It affects your intelligence (+6).
   MP+6:      It affects your magic capacity (+6).
 Q - the +9 staff of Olgreb {rPois∞}
   (You found it on level 10 of the Dungeon)

   Radiate:   It can be activated via the 'a'bility menu to radiate toxic
   energy, with effectiveness depending on Evocations skill.
   Pois:      It enhances your poison magic.
   rPois∞: It grants immunity to poison.
Missiles
 f - 6 throwing nets {!f}
 J - 5 curare-tipped darts (quivered)
Armour
 e - the +5 chain mail of Veven (worn) {-Tele Rampage rPois Dex+7}
   (You found it on level 2 of the Elven Halls)

   Dex+7:     It affects your dexterity (+7).
   rPois:     It protects you from poison -Tele: It prevents most forms of
   teleportation.
   Rampage:   It bestows one free step when moving towards enemies.
 h - the +0 pair of boots of the Curupira (worn) {-Tele Str+3 Dex+6}
   (You found it on level 2 of the Swamp)

   Str+3:     It affects your strength (+3).
   Dex+6:     It affects your dexterity (+6).
   -Tele:     It prevents most forms of teleportation.
 r - a +3 kite shield of protection (worn)
   (You found it on level 1 of the Depths)
 u - a +2 pair of gloves of strength (worn)
   (You acquired it in a bailey)
 z - the scarf "Kiwug" (worn) {rC+ rF+, Str+3 Dex+4}
   (You bought it in a shop on level 2 of the Orcish Mines)

   Str+3:     It affects your strength (+3).
   Dex+4:     It affects your dexterity (+4).
Magical Staves
 x - a staff of earth (weapon)
   (You acquired it on level 5 of the Dungeon)
Jewellery
 n - the ring "Tigijif" {Ice Int+5 Stlth-}
   (You took it off a yaktaur captain on level 5 of the Vaults)

   [ring of ice]

   Ice:       It enhances your ice magic.
   Int+5:     It affects your intelligence (+5).
   rF-:       It makes you vulnerable to fire.
   rC+:       It protects you from cold.
   Stlth-:    It makes you less stealthy.
 y - the ring "Hosahoc" (right hand) {rElec rF+ Int+6}
   (You took it off a deep elf death mage on level 3 of the Elven Halls)

   [ring of intelligence]

   Int+6:     It affects your intelligence (+6).
   rF+:       It protects you from fire.
   rElec:     It insulates you from electricity.
 H - the ring of Riptoch (left hand) {rN+ Will+ MP+9 Dex+6}
   (You bought it in a shop on level 4 of the Snake Pit)

   [ring of dexterity]

   Dex+6:     It affects your dexterity (+6).
   rN+:       It protects you from negative energy.
   Will+:     It increases your willpower.
   MP+9:      It affects your magic capacity (+9).
 Y - an amulet of magic regeneration (around neck)
   (You found it on level 14 of the Dungeon)
Wands
 k - a wand of digging (24) {@v3}
   (You found it on level 3 of the Lair of Beasts)
 q - a wand of paralysis (89)
   (You found it on level 4 of the Dungeon)
 w - a wand of mindburst (22)
   (You found it on level 2 of the Snake Pit)
 A - a wand of iceblast (60) {@v2}
   (You found it on level 6 of the Dungeon)
 E - a wand of polymorph (28)
   (You found it on level 7 of the Dungeon)
 T - a wand of quicksilver (44) {@v1}
   (You found it on level 1 of the Lair of Beasts)
Scrolls
 a - 9 scrolls of fear {!r}
 d - 12 scrolls of fog {!r}
 l - 4 scrolls of silence {!r}
 o - 6 scrolls of vulnerability
 t - 6 scrolls of butterflies
 G - 4 scrolls of torment
 I - 6 scrolls of poison
 K - 14 scrolls of immolation
Potions
 b - 2 potions of magic
 c - 21 potions of curing {@q1 !q}
 g - 7 potions of attraction
 i - 7 potions of lignification {@q6}
 j - 4 potions of brilliance
 m - 4 potions of enlightenment
 p - 15 potions of heal wounds {@q2 !q}
 B - 4 potions of invisibility
 C - 5 potions of resistance
 D - 2 potions of ambrosia
 L - 6 potions of might {@q3 !q}
 O - 2 potions of cancellation
Miscellaneous
 N - a phial of floods
   (You bought it in a shop on level 2 of the Orcish Mines)
 P - a tin of tremorstones (2/2)
   (You found it on level 11 of the Dungeon)
 W - a sack of spiders (inert)
   (You found it in a Gauntlet)
 X - a phantom mirror
   (You found it in a Gauntlet)


   Skills:
 - Level 22.0 Fighting
 - Level 13.0 Armour
 - Level 13.0 Dodging
 - Level 4.0 Stealth
 - Level 14.0 Shields
 + Level 21.0 Spellcasting
 + Level 17.9 Conjurations
 - Level 13.0 Summonings
 - Level 3.0 Necromancy
 - Level 6.0 Transmutations
 + Level 25.0 Earth Magic
 - Level 12.0 Invocations
 - Level 10.0 Evocations


You had 15 spell levels left.
You knew the following spells:

 Your Spells              Type           Power      Damage    Failure   Level
a - Leda's Unmaking       Conj/Erth      78%        9d13      1%          6
b - Borgnjor's Vile Clut  Necr/Erth      67%        N/A       1%          5
c - Lee's Rapid Deconstr  Erth           82%        3d36*     0%          5
d - Animate Armour        Summ/Erth      100%       N/A       1%          4
e - Apportation           Tloc           100%       N/A       5%          1
f - Sandblast             Erth           100%       2d20      0%          1
g - Lehudib's Crystal Sp  Conj/Erth      78%        10d17     4%          8
h - Petrify               Tmut/Erth      100%       N/A       1%          4
i - Sublimation of Blood  Necr           68%        N/A       2%          2
p - Passwall              Tmut/Erth      100%       N/A       0%          2
s - Spellforged Servitor  Conj/Summ      57%        N/A       8%          7
z - Irradiate             Conj/Tmut      52%        3d29      1%          5
M - Stone Arrow           Conj/Erth      100%       3d13      0%          3

Your spell library contained the following spells:

 Spells                   Type           Power      Damage    Failure   Level
 Magic Dart               Conj           100%       1d8       0%          1
 Searing Ray              Conj           100%       2d8       0%          2
 Kiss of Death            Conj/Necr      100%       2d13      1%          1
 Necrotise                Necr           100%       1d9       1%          1
 Sting                    Tmut/Pois      100%       1d8       1%          1
 Summon Small Mammal      Summ           100%       N/A       1%          1
 Momentum Strike          Conj/Tloc      100%       3d10      1%          2
 Call Canine Familiar     Summ           100%       N/A       1%          3
 Dazzling Flash           Conj/Hex       100%       N/A       1%          3
 Mephitic Cloud           Conj/Pois/Air  82%        N/A       1%          3
 Summon Guardian Golem    Hex/Summ       85%        N/A       1%          3
 Flame Wave               Conj/Fire      95%        2d20      1%          4
 Fulminant Prism          Conj/Hex       47%        3d21      1%          4
 Leda's Liquefaction      Hex/Erth       65%        N/A       1%          4
 Sticky Flame             Conj/Fire      95%        2d10      1%          4
 Iskenderun's Battlesphe  Conj           100%       2d15      1%          5
 Orb of Destruction       Conj           61%        9d15      2%          7
 Summon Lightning Spire   Summ/Air       85%        N/A       3%          4
 Arcjolt                  Conj/Air       47%        1d57      3%          5
 Fireball                 Conj/Fire      47%        3d19      3%          5
 Summon Cactus Giant      Summ           54%        N/A       3%          6
 Cigotuvi's Dreadful Rot  Necr/Pois/Air  100%       N/A       5%          2
 Ignite Poison            Fire/Tmut/Pois 62%        N/A       7%          3
 Ensorcelled Hibernation  Hex/Ice        100%       N/A       8%          2
 Jinxbite                 Hex            100%       N/A       8%          2
 Lesser Beckoning         Tloc           100%       N/A       8%          2
 Poisonous Vapours        Pois/Air       100%       N/A       8%          2
 Scorch                   Fire           100%       2d9       8%          2
 Freezing Cloud           Conj/Ice/Air   41%        6-21      13%         5
 Confusing Touch          Hex            50%        N/A       16%         3
 Frozen Ramparts          Ice            100%       1d16      16%         3
 Gell's Gravitas          Tloc           50%        N/A       16%         3
 Inner Flame              Hex/Fire       50%        N/A       16%         3
 Ozocubu's Armour         Ice            50%        N/A       16%         3
 Sigil of Binding         Hex            50%        N/A       16%         3
 Teleport Other           Tloc           50%        N/A       16%         3
 Tukima's Dance           Hex            50%        N/A       16%         3
 Volatile Blastmotes      Fire/Tloc      100%       2d18      16%         3
 Animate Dead             Necr           68%        N/A       16%         4
 Dispel Undead            Necr           68%        3d23      16%         4
 Starburst                Conj/Fire      47%        6d13      21%         6
 Monstrous Menagerie      Summ           54%        N/A       22%         7
 Anguish                  Hex/Necr       29%        N/A       28%         4
 Agony                    Necr           68%        N/A       38%         5
 Yara's Violent Unravell  Hex/Tmut       34%        3d14      38%         5
 Cause Fear               Hex            25%        N/A       45%         4
 Dimensional Bullseye     Hex/Tloc       25%        N/A       45%         4
 Manifold Assault         Tloc           50%        N/A       45%         4
 Olgreb's Toxic Radiance  Pois           50%        N/A       45%         4
 Passage of Golubria      Tloc           50%        N/A       45%         4
 Metabolic Englaciation   Hex/Ice        25%        N/A       82%         5
 Silence                  Hex/Air        25%        N/A       82%         5
 Haunt                    Necr/Summ      45%        N/A       86%         7
 Death Channel            Necr           34%        N/A       93%         6
 Simulacrum               Ice/Necr       29%        N/A       99%         6
 Dispersal                Tloc           25%        N/A       100%        6
 Enfeeble                 Hex            25%        N/A       100%        7
 Borgnjor's Revivificati  Necr           34%        N/A       100%        8
 Disjunction              Tloc           25%        N/A       100%        8
 Maxwell's Capacitive Co  Air            25%        ∞         100%        8
 Death's Door             Necr           34%        N/A       100%        9
 Dragon's Call            Summ           54%        N/A       100%        9
 Blink                    Tloc           Unusable   N/A       N/A         2
 Vhi's Electric Charge    Tloc/Air       Unusable   N/A       N/A         4

Dungeon Overview and Level Annotations

Branches:
Dungeon (15/15)            Temple (1/1) D:4            Lair (5/5) D:8
  Swamp (4/4) Lair:2        Snake (4/4) Lair:2        Slime (0/5) Lair:5
    Orc (2/2) D:11            Elf (3/3) Orc:2        Vaults (5/5) D:13
  Crypt (0/3) Vaults:2     Depths (4/4) D:15            Zot (5/5) Depths:4
 Bailey (visited)           IceCv (visited)          WizLab (visited)
Gauntlet (visited)

Altars:
Ashenzari
Cheibriados
Dithmenos
Elyvilon
Fedhas
Gozag
Hepliaklqana
Kikubaaqudgha
Makhleb
Nemelex Xobeh
Okawaru
Qazlal
Ru
Sif Muna
Trog
Uskayaw
Vehumet
Wu Jian
Xom
Yredelemnul
Zin
The Shining One
Jiyva

Shops:
D:5 ?   D:10 :   D:14 *   Orc:2 =[*(   Elf:1 :   Snake:2 (??   Snake:4 =*
Vaults:2 *   Vaults:5 ==

Portals:
Hell: Depths:1 Depths:2 Depths:3 Depths:4
Abyss: Depths:1 Depths:2 Depths:3 Depths:4
Pandemonium: Depths:2
Ziggurat: Depths:1

Annotations:
Lair:2 2 transporters, dittoslash's ghost, journeyman TrFi
Orc:2 3 runed translucent doors, exclusion: 3 doors, Revguard's ghost, journeyman TeGl
Elf:2 3 runed translucent doors, exclusion: door
Depths:2 2 transporters, exclusion: obsidian statue
Zot:2 exclusion: downstairs


Innate Abilities, Weirdness & Mutations

Your life essence is reduced to manifest your ancestor. (-10% HP)
You cannot be hasted, slowed, berserked, paralysed or teleported.
You can dig through walls and to a lower floor.
You have a pair of large antennae on your head. (SInv)
Your four strong arms can wield two-handed weapons with a shield.
You have large cloven feet.
You are clumsy. (Dex -2)
Armour fits poorly on your strangely shaped body.
You occasionally lose the ability to drink potions when taking damage.
You expend magic power (3 MP) to strengthen your wands.


Message History

You feel protected.
Okay, then.
Casting: Lehudib's Crystal Spear (dangerous; 5% risk of failure)
Confirm with . or Enter, or press ? or * to list all spells.
You feel a surge of power!
You summon a servant imbued with your destructive magic!
BADASS BOULDER mumbles some strange words.
BADASS BOULDER seems to speed up.
Casting: Spellforged Servitor (dangerous; 8% risk of failure)
Confirm with . or Enter, or press ? or * to list all spells.
Aiming: Borgnjor's Vile Clutch (mildly dangerous; 1% risk of failure)
Press: ? - help, Shift-Dir - straight line, f - Eluonn
Aim: Eluonn, armed with an antimagic touch (black smoke, ally target, 100% to hit)
You feel a strong surge of power!
Zombie hands grab Eluonn.
The zombie hands constrict Eluonn.
You block Eluonn's attack.
BADASS BOULDER points at Eluonn and mumbles some strange words.
The crystal spear hits Eluonn!!!
You block Eluonn's attack.
Casting: Borgnjor's Vile Clutch (mildly dangerous; 1% risk of failure)
Confirm with . or Enter, or press ? or * to list all spells.
Aiming: Lehudib's Crystal Spear (dangerous; 5% risk of failure)
Press: ? - help, Shift-Dir - straight line, f/p - Eluonn
Aim: Eluonn, armed with an antimagic touch (black smoke, lightly wounded, constricted by zombie hands, ally target, 97% to hit)
You feel a strong surge of power!
The crystal spear hits Eluonn!!!
Eluonn is moderately wounded.
The zombie hands constrict Eluonn.
Eluonn hits you!!
You feel your power leaking away.
Casting: Lehudib's Crystal Spear (dangerous; 5% risk of failure)
Confirm with . or Enter, or press ? or * to list all spells.
Aiming: Lehudib's Crystal Spear (dangerous; 5% risk of failure)
Press: ? - help, Shift-Dir - straight line, f/p - Eluonn
Aim: Eluonn, armed with an antimagic touch (black smoke, moderately wounded, constricted by zombie hands, ally target, 97% to hit)
You feel a strong surge of power!
The crystal spear hits Eluonn!!!!
Eluonn is heavily wounded.
The zombie hands constrict Eluonn.
Eluonn hits you!!
You feel your power leaking away.
BADASS BOULDER gestures at Eluonn while chanting.
The crystal spear hits Eluonn!!!
Eluonn hits BADASS BOULDER!
BADASS BOULDER's magic leaks into the air.
Your spellforged servitor gestures at Eluonn while chanting.
The crystal spear hits Eluonn!!!
Casting: Lehudib's Crystal Spear (dangerous; 5% risk of failure)
Confirm with . or Enter, or press ? or * to list all spells.
Aiming: Lehudib's Crystal Spear (dangerous; 5% risk of failure)
Press: ? - help, Shift-Dir - straight line, f/p - Eluonn
Aim: Eluonn, armed with an antimagic touch (black smoke, almost dead, not watching you, constricted by zombie hands, ally target, 97% to hit)
You feel a strong surge of power!
The crystal spear hits Eluonn!!!!
You kill Eluonn!
BADASS BOULDER points at the Brimstone Fiend and mumbles some strange words.
The bolt of magma hits the Brimstone Fiend.
The Brimstone Fiend partially resists.
BADASS BOULDER hits the Brimstone Fiend with a +0 lajatang of freezing!!
BADASS BOULDER freezes the Brimstone Fiend.
Your Earth Magic skill increases to level 25!
Casting: Lehudib's Crystal Spear (dangerous; 4% risk of failure)
Confirm with . or Enter, or press ? or * to list all spells.
Aiming: Lehudib's Crystal Spear (dangerous; 4% risk of failure)
Press: ? - help, Shift-Dir - straight line, f - Brimstone Fiend
Aim: a Brimstone Fiend (black smoke, moderately wounded, ally target, 93% to hit)
You feel a strong surge of power!
The crystal spear hits the Brimstone Fiend!!!!
You kill the Brimstone Fiend!
Your Spellcasting skill increases to level 21!
BADASS BOULDER's magic is no longer disrupted.
A hellion comes into view.
Casting: Lehudib's Crystal Spear (dangerous; 4% risk of failure)
Confirm with . or Enter, or press ? or * to list all spells.
Aiming: Borgnjor's Vile Clutch (mildly dangerous; 1% risk of failure)
Press: ? - help, Shift-Dir - straight line, f - hellion
Aim: a hellion (wandering, hasn't noticed you, 100% to hit)
You feel a strong surge of power!
Your spellforged servitor is unaffected.
Zombie hands grab the hellion.
The zombie hands constrict the hellion!
The hellion struggles to escape constriction.
The zombie hands lose their grip on something.
Your spellforged servitor points at the hellion and mumbles some strange words.
The crystal spear misses the hellion.
Casting: Borgnjor's Vile Clutch (mildly dangerous; 1% risk of failure)
Confirm with . or Enter, or press ? or * to list all spells.
Aiming: Borgnjor's Vile Clutch (mildly dangerous; 1% risk of failure)
Press: ? - help, Shift-Dir - straight line, f/p - hellion
Aim: a hellion (black smoke, moderately wounded, ally target, 100% to hit)
You feel a strong surge of power!
Your spellforged servitor is unaffected.
Zombie hands grab the hellion.
The zombie hands constrict the hellion!
BADASS BOULDER gestures at the hellion while chanting.
The bolt of magma hits the hellion!!
The hellion hits BADASS BOULDER but does no damage.
BADASS BOULDER hits the hellion with a +0 lajatang of freezing!!
BADASS BOULDER freezes the hellion.
The hellion dies!
Aiming: Dig
Press: ? - help, Shift-Dir - straight line This square is covered in magical glow.
You feel a surge of power!
The rock shatters into small pieces.
There is an escape hatch in the floor here.
There is a staircase leading out of the dungeon here.
You have escaped!

..............###........#.#
...........#### #........#.#
....####.....# #........#.#
....#........# #........#.#
....#........# #........#.#
....#........# ##########.#
....###...########## #.# ....#
##### #⌠...⌠#######.## ....#
#..@..#........# ######
#.R9..#........# .....######
#..>..#........# ..........#
##⌠...⌠#........#
..........###.##.###........#
####......##.###.####.##..###
..##......###.##......#..########
..##..(...+.#.#..##..............
..##......#.##...##......########


You could see the friendly BADASS BOULDER the battlemage (fast) and a friendly
spellforged servitor (summoned).

Vanquished Creatures
  A pandemonium lord (D:1)
  Mara (Swamp:3)
  A dread lich (Vaults:5)
  3 orbs of fire (Zot:5)
  2 ancient liches (Zot:5)
  Josephina (Depths:4)
  Frederick (Vaults:4)
  Vashnia (Snake:2)
  A caustic shrike (Depths:1)
  A curse toe (Zot:2)
  5 golden dragons
  A Brimstone Fiend (D:1)
  An electric golem (Zot:5)
  2 Ice Fiends
  5 tentacled monstrosities
  15 Orb Guardians
  3 liches
  A deep elf master archer (Elf:3)
  A quicksilver dragon (Vaults:5)
  2 titans
  A deep elf blademaster (Elf:3)
  2 sphinxes (Depths:1)
  5 death cobs
  Aizul (Snake:3)
  4 storm dragons
  3 draconian monks
  Roxanne (Elf:1)
  5 shadow dragons
  3 tengu reavers (Vaults:5)
  A fenstrider witch (Swamp:3)
  A demonspawn warmonger (D:12)
  6 nagarajas
  5 fire giants
  An iron dragon (Vaults:5)
  Louise (Snake:2)
  3 draconian scorchers (Zot:1)
  7 deep elf sorcerers
  9 vault wardens
  11 frost giants
  3 deep elf elementalists (Elf:3)
  A ghost moth (Zot:1)
  9 ironbound preservers
  3 draconian annihilators
  3 cacodemons
  2 draconian shifters
  4 very ugly things
  A spriggan defender (Depths:1)
  4 orc warlords
  2 draconian stormcallers
  7 ironbound thunderhulks
  4 war gargoyles (Vaults:5)
  2 green draconians (Zot:2)
  3 vampire knights
  4 stone giants
  2 deep elf demonologists (Elf:1)
  2 eleionomae (Swamp:4)
  5 deep elf annihilators
  3 yellow draconians
  A lorocyproca (WizLab)
  4 black draconians
  11 dire elephants
  2 red draconians
  5 purple draconians
  3 spark wasps
  A minotaur (Gauntlet)
  3 white draconians
  8 ettins
  5 fire dragons
  A blizzard demon (WizLab)
  2 deep elf death magi (Elf:3)
  11 yaktaur captains
  2 entropy weavers
  10 hydras
  9 deep elf high priests
  An entropy weaver (shapeshifter) (Depths:3)
  A shambling mangrove (Swamp:4)
  Fannar (D:12)
  Harold (D:10)
  3 great orbs of eyes
  4 ice dragons
  20 vault guards
  A rakshasa (Depths:3)
  A catoblepas (D:14)
  An ogre mage (Vaults:5)
  A juggernaut simulacrum (Depths:4)
  6 salamander tyrants
  2 spriggan air magi
  3 anacondas
  2 death knights
  4 alligators
  5 boulder beetles
  2 two-headed ogres
  6 centaur warriors
  8 ironbound frosthearts
  5 deep troll earth magi
  10 dancing weapons
  2 death yaks
  A thrashing horror (Abyss:2)
  An orc high priest (Bailey)
  6 spriggan berserkers
  4 large abominations
  4 deep troll shamans
  12 naga warriors
  A spectral dire elephant (Lair:5)
  10 tengu warriors
  13 naga sharpshooters
  2 hell knights
  A vampire mage (Swamp:4)
  2 sun demons (WizLab)
  Urug (Orc:2)
  A soul eater (WizLab)
  4 shock serpents
  10 deep elf knights
  2 skysharks (Lair:4)
  A storm dragon zombie (Depths:3)
  A spectral death yak (Lair:5)
  5 salamander mystics
  A sea snake (Snake:2)
  2 spectral anacondas (Snake:3)
  3 iron trolls
  A spriggan druid (Swamp:3)
  2 glowing orange brains
  19 ironbound convokers
  6 swamp dragons
  2 anaconda zombies (Snake:3)
  2 obsidian statues
  2 phantasmal warriors (Vaults:5)
  5 bog bodies
  4 goliath frogs
  33 deep trolls
  A glowing orange brain (shapeshifter) (Depths:2)
  A naga ritualist (Snake:3)
  9 deep elf archers
  2 flayed ghosts
  4 wizards
  A spectral hydra (Swamp:4)
  3 harpies (Vaults:1)
  A harpy (shapeshifter) (D:14)
  4 lindwurms
  3 anaconda skeletons (Snake:3)
  16 deep elf pyromancers
  5 mana vipers
  7 necromancers
  A spriggan simulacrum (Depths:4)
  Pikel (D:7)
  20 deep elf zephyrmancers
  16 orc knights
  2 starcursed masses (Abyss:2)
  10 salamanders
  6 orc sorcerers
  An oklob plant (Swamp:4)
  6 manticores
  A wolf spider (shapeshifter) (Depths:1)
  A shining eye (Depths:1)
  13 ugly things
  2 will-o-the-wisps (Swamp:3)
  8 cyclopes
  A faun (shapeshifter) (Vaults:5)
  9 moths of wrath
  11 elephants
  A fire giant zombie (Vaults:4)
  A tengu skeleton (Vaults:2)
  17 black mambas
  A black mamba (shapeshifter) (Depths:3)
  An apocalypse crab (Abyss:2)
  An eye of devastation (shapeshifter) (Vaults:5)
  13 vault sentinels
  2 eyes of devastation (Depths:1)
  2 orange demons
  2 rust devils
  A stone giant skeleton (Vaults:1)
  6 naga magi
  A torpor snail (Lair:1)
  A smoke demon (Abyss:2)
  3 guardian serpents
  3 ice statues (IceCv)
  A cane toad (shapeshifter) (D:14)
  A gargoyle (D:12)
  An unseen horror (Depths:4)
  2 human zombies
  A hellion (Gauntlet)
  Jeremiah (D:7)
  Maggie (D:8)
  4 cane toads
  A storm dragon simulacrum (Depths:3)
  10 yaktaurs
  4 freezing wraiths
  4 kobold demonologists
  2 rime drakes
  A dire elephant skeleton (Lair:5)
  2 tormentors (WizLab)
  3 efreet
  3 anaconda simulacra (Snake:3)
  7 komodo dragons
  2 hydra zombies
  3 ice devils
  3 death drake zombies (Swamp:4)
  An ancient zyme (Abyss:2)
  3 tengu conjurers
  4 trolls
  A bloated husk (Swamp:2)
  4 meliai
  3 red devils
  12 hornets
  A tarantella (Vaults:2)
  3 polar bears
  A hellwing (WizLab)
  A wolf spider simulacrum (D:15)
  4 tyrant leeches
  2 hydra skeletons (Swamp:4)
  6 blink frogs (Lair:3)
  3 spectral elephants (Lair:5)
  2 raiju (Abyss:2)
  A death drake skeleton (Swamp:4)
  A fire giant simulacrum (Vaults:1)
  An ettin zombie (Vaults:1)
  A raiju (shapeshifter) (Elf:3)
  4 slime creatures (Vaults:3)
  A centaur simulacrum (D:14)
  A shadow (D:12)
  A culicivora (shapeshifter) (Depths:3)
  5 spriggans
  5 air elementals
  3 wraiths
  A water elemental (Depths:1)
  A dire elephant simulacrum (IceCv)
  17 yaks
  A vampire (D:12)
  A wyvern (Lair:3)
  2 basilisks (shapeshifter) (Depths:3)
  2 fire elementals (D:12)
  A golden eye (Abyss:2)
  5 basilisks
  5 redbacks (D:10)
  4 humans (D:13)
  3 vampire mosquitoes
  4 neqoxecs
  2 death yak simulacra (Lair:5)
  2 steam dragons
  4 wargs
  8 chaos spawn
  24 nagas
  11 swamp worms
  2 hydra simulacra
  2 acid dragons
  4 hell hounds
  19 water moccasins
  Duvessa (D:6)
  A floating eye (Depths:1)
  A human simulacrum (Vaults:4)
  2 swamp drakes (Swamp:1)
  A sky beast (D:7)
  25 orc warriors
  7 ice beasts
  5 black bears
  10 ogres
  4 elephant zombies (Lair:5)
  10 boggarts
  A swamp dragon zombie (Swamp:4)
  6 wolves
  An elephant skeleton (Lair:5)
  A human skeleton (Vaults:4)
  9 centaurs
  3 lemures (D:7)
  3 phantoms
  3 kobold brigands
  15 bullfrogs
  A gnoll sergeant (D:5)
  4 small abominations
  3 cane toad simulacra
  An earth elemental (Elf:2)
  4 scorpions
  3 wights (D:6)
  Dowan (D:6)
  2 elephant simulacra
  12 killer bees
  5 electric eels
  6 howler monkeys
  5 hounds
  Crazy Yiuf (D:7)
  A jelly (shapeshifter) (Vaults:5)
  A gnoll bouda (D:7)
  3 iron imps (Gauntlet)
  16 orc priests
  A sleepcap (D:6)
  6 iguanas
  8 hell rats
  21 orc wizards
  14 gnolls
  7 adders
  A shadow imp (D:6)
  A white imp (D:6)
  5 ufetubi
  2 dart slugs (D:1)
  44 orcs
  6 ball pythons
  9 bats
  5 endoplasms
  2 giant cockroaches
  11 hobgoblins
  4 jackals (D:1)
  19 kobolds
  5 quokkas
  8 frilled lizards
  14 goblins
  4 rats
1369 creatures vanquished.

Vanquished Creatures (collateral kills)
  A dread lich (Vaults:2)
  7 orbs of fire
  Mennas (Vaults:5)
  3 ancient liches
  A juggernaut (Depths:1)
  A Killer Klown (Zot:5)
  A curse toe (Zot:5)
  Jory (Vaults:5)
  3 golden dragons
  A Hellbinder (WizLab)
  A bone dragon (Abyss:2)
  7 tentacled monstrosities
  An electric golem (Zot:5)
  Jorgrun (D:12)
  12 Orb Guardians
  A walking crystal tome (Depths:1)
  2 walking earthen tomes
  A deep elf blademaster (Elf:3)
  2 titans (Vaults:5)
  A sphinx (Vaults:5)
  A quicksilver dragon (Zot:4)
  5 shadow dragons
  A tengu reaver (Vaults:5)
  A thorn hunter (Swamp:4)
  3 death cobs
  2 storm dragons
  A fire giant (Vaults:4)
  A demonspawn warmonger (D:12)
  An iron dragon (Vaults:5)
  10 vault wardens
  6 nagarajas (Snake:4)
  5 frost giants
  A draconian knight (Zot:2)
  A deep elf sorcerer (Elf:3)
  A ghost moth (Zot:3)
  An angel (Elf:3)
  An orc warlord (Vaults:1)
  A quicksilver ooze (shapeshifter) (D:14)
  9 ironbound preservers
  3 deep elf elementalists (Elf:3)
  An ironbound thunderhulk (Vaults:4)
  A formless jellyfish (Vaults:2)
  A draconian annihilator (Zot:5)
  3 very ugly things
  4 stone giants
  2 reapers
  A bunyip (Swamp:3)
  5 black draconians
  A green draconian (Zot:2)
  2 deep elf demonologists (Elf:3)
  A demonspawn black sun (WizLab)
  7 white draconians
  2 eleionomae
  3 deep elf annihilators
  4 yellow draconians (Depths:4)
  A purple draconian (Zot:2)
  5 dire elephants
  Azrael (D:12)
  3 red draconians
  3 starcursed masses (Abyss:2)
  A spark wasp (Depths:4)
  3 deep elf death magi
  A green death (WizLab)
  3 ettins
  A merfolk javelineer (Depths:4)
  2 shambling mangroves (Swamp:4)
  A fire dragon (Depths:1)
  2 great orbs of eyes
  An entropy weaver (shapeshifter) (Depths:3)
  2 salamander tyrants (Depths:1)
  18 vault guards
  2 deep elf high priests (Elf:3)
  An ice dragon (Depths:4)
  4 hydras
  A caustic shrike simulacrum (Depths:4)
  A spriggan skeleton (Depths:3)
  A ghost crab (Swamp:3)
  5 alligators
  A spriggan air mage (Depths:3)
  An ironbound frostheart (Vaults:2)
  A hell beast (WizLab)
  An anaconda (Snake:3)
  2 boulder beetles
  4 dancing weapons
  2 centaur warriors
  A death yak (Lair:5)
  4 naga warriors
  A deep troll shaman (Depths:1)
  2 tengu warriors
  A thrashing horror (Abyss:2)
  2 hell hogs (D:12)
  An orc high priest (Orc:2)
  2 deep troll earth magi
  A naga sharpshooter (Snake:3)
  A hell knight (Depths:4)
  2 spriggans (Depths:4)
  2 deep elf knights (Elf:3)
  4 sun demons
  4 sixfirhies
  5 iron trolls
  A skeletal warrior (D:14)
  2 goliath frogs (Swamp:4)
  11 deep trolls
  3 sea snakes (Snake:2)
  An anaconda zombie (Snake:3)
  3 swamp dragons (Swamp:4)
  4 spectral anacondas
  2 flayed ghosts
  2 spriggan druids (Swamp:4)
  3 spectral hydras (Swamp:4)
  2 bog bodies
  3 wizards
  3 orc knights
  2 phantasmal warriors
  2 deep elf archers
  2 naga ritualists
  2 anaconda skeletons (Snake:3)
  A lindwurm (shapeshifter) (Elf:3)
  9 deep elf pyromancers
  3 necromancers
  6 ironbound convokers
  A harpy (Vaults:1)
  8 deep elf zephyrmancers
  2 wolf spiders (D:10)
  A faun (shapeshifter) (Elf:3)
  3 ugly things (Depths:1)
  3 mana vipers
  2 oklob plants (Swamp:4)
  An orc sorcerer (Orc:2)
  A tengu skeleton (Vaults:4)
  6 salamanders
  An elephant (shapeshifter) (Depths:2)
  A cyclops (D:14)
  A will-o-the-wisp (Swamp:4)
  7 elephants
  A fire giant zombie (Vaults:1)
  6 moths of wrath
  A stone giant skeleton (Vaults:2)
  4 vault sentinels
  7 black mambas
  4 guardian serpents (Snake:4)
  5 naga magi
  A cane toad (Lair:2)
  2 rust devils (WizLab)
  A torpor snail (shapeshifter) (Vaults:5)
  A smoke demon (Abyss:2)
  2 hellions
  A kobold demonologist (D:12)
  3 tengu conjurers
  An ancient zyme (Abyss:2)
  4 komodo dragons
  An unseen horror (D:12)
  9 yaktaurs
  4 freezing wraiths
  An ice devil (WizLab)
  3 hydra zombies
  4 anaconda simulacra (Snake:3)
  2 meliai
  3 hornets
  5 tyrant leeches
  3 red devils (WizLab)
  5 trolls
  A polar bear (Lair:4)
  A tengu simulacrum (Depths:4)
  A hydra skeleton (Swamp:4)
  A blink frog (Lair:3)
  A spectral elephant (Lair:5)
  2 ynoxinuls (WizLab)
  A slime creature (Vaults:3)
  10 yaks
  A wyvern (Lair:1)
  7 water elementals
  5 humans (D:13)
  A shadow (D:10)
  3 fire elementals (D:12)
  2 redbacks
  A death yak simulacrum (IceCv)
  2 vampire mosquitoes
  A chaos spawn (Depths:4)
  A naga zombie (Abyss:2)
  A warg (Orc:2)
  An acid dragon (D:12)
  13 nagas
  3 large abominations
  A hell hound (Gauntlet)
  4 swamp worms
  2 hydra simulacra
  2 water moccasins
  An ice beast (D:6)
  A black bear (Lair:2)
  5 swamp drakes
  5 orc warriors
  A swamp dragon zombie (Swamp:4)
  A wolf (Lair:5)
  5 centaurs
  2 swamp dragon skeletons (Swamp:4)
  A lemure (D:7)
  2 earth elementals
  7 bullfrogs
  3 small abominations
  An elephant simulacrum (Lair:5)
  2 howler monkeys
  3 orc priests
  2 iron imps (Abyss:2)
  5 orc wizards
  4 hell rats
  2 wolf simulacra (IceCv)
  2 gnolls
  18 orcs
  6 goblins
  4 hobgoblins (Bailey)
  6 kobolds
597 creatures vanquished.

Vanquished Creatures (others)
  A fire dragon (Depths:1)
  A hydra (Swamp:3)
  A salamander tyrant (Depths:4)
  A juggernaut simulacrum (Depths:4)
  A yak (D:12)
  A small abomination (Abyss:2)
  An ancestor (D:7)
  54 battlemagi
  2 orcs (Elf:1)
  10 foxfires
73 creatures vanquished.

Grand Total: 2039 creatures vanquished

Notes
Turn   | Place    | Note
-------+----------+-------------------------------------------
     0 | D:1      | EnegeticOcto the Formicid Earth Elementalist began the
                  | quest for the Orb.
     0 | D:1      | Reached XP level 1. HP: 13/13 MP: 3/3
   134 | D:1      | Reached skill level 3 in Stealth
   296 | D:1      | Reached XP level 2. HP: 19/19 MP: 3/5
   331 | D:1      | Learned a level 2 spell: Passwall
   490 | D:1      | Reached skill level 3 in Spellcasting
   590 | D:1      | Reached XP level 3. HP: 24/24 MP: 4/7
   594 | D:1      | Learned a level 3 spell: Stone Arrow
   703 | D:1      | Reached skill level 4 in Earth Magic
   864 | D:1      | Reached skill level 1 in Conjurations
  1399 | D:2      | Reached XP level 4. HP: 30/30 MP: 4/8
  1459 | D:1      | Upgraded the game from 0.31-a0-765-g67fe2935dc to
                  | 0.31-a0-774-g0d66cbabe8
  1585 | D:2      | Identified the +0 ring mail of Beyond {rN+ Dex-4 SInv}
  1672 | D:2      | Found a faded altar of an unknown god.
  1749 | D:2      | Reached skill level 2 in Conjurations
  2387 | D:3      | Reached XP level 5. HP: 35/35 MP: 3/10
  2465 | D:3      | Identified the ring of Kindness {Fire Will+}
  2561 | D:3      | Reached skill level 4 in Spellcasting
  2561 | D:3      | Reached skill level 5 in Earth Magic
  2608 | D:3      | Reached XP level 6. HP: 41/41 MP: 8/12
  3463 | D:3      | Learned a level 4 spell: Petrify
  3498 | D:4      | Reached skill level 1 in Fighting
  3577 | D:4      | Found an ornate altar of the Wu Jian Council.
  3577 | D:4      | Found a broken altar of Ashenzari.
  3607 | D:4      | Reached skill level 2 in Fighting
  3607 | D:4      | Reached skill level 6 in Earth Magic
  3736 | D:4      | Reached XP level 7. HP: 45/51 MP: 9/13
  3855 | D:4      | Reached skill level 3 in Fighting
  3942 | D:4      | Found a staircase to the Ecumenical Temple.
  3957 | Temple   | Entered the Ecumenical Temple
  3997 | Temple   | Became a worshipper of Hepliaklqana the Forgotten
  4077 | D:4      | Reached skill level 7 in Earth Magic
  4225 | D:4      | Reached skill level 2 in Transmutations
  4664 | D:5      | Entered Level 5 of the Dungeon
  4845 | D:5      | Reached skill level 3 in Transmutations
  4845 | D:5      | Reached XP level 8. HP: 36/58 MP: 1/15
  4943 | D:5      | Reached skill level 5 in Spellcasting
  5051 | D:5      | Found Vaixtoca's Magic Scroll Emporium.
  5132 | D:5      | Reached skill level 6 in Spellcasting
  5469 | D:5      | Bought a scroll of identify for 22 gold pieces
  5485 | D:5      | Reached skill level 3 in Conjurations
  5670 | D:5      | Reached skill level 4 in Conjurations
  6236 | D:6      | Reached skill level 4 in Stealth
  6301 | D:6      | Found a shimmering altar of Xom.
  6301 | D:6      | Found a shimmering altar of Xom.
  6301 | D:6      | Found a shimmering altar of Xom.
  6301 | D:6      | Found a shimmering altar of Xom.
  6301 | D:6      | Found a shimmering altar of Xom.
  6308 | D:6      | Found a shimmering altar of Xom.
  6328 | D:6      | Reached skill level 4 in Fighting
  6328 | D:6      | Reached skill level 1 in Shields
  6328 | D:6      | Reached XP level 9. HP: 65/65 MP: 8/18
  6335 | D:6      | Reached skill level 2 in Shields
  6463 | D:6      | Reached skill level 3 in Shields
  6573 | D:6      | Reached skill level 5 in Fighting
  6573 | D:6      | Reached skill level 4 in Shields
  6634 | D:6      | Reached * piety under Hepliaklqana
  6637 | D:6      | Reached skill level 5 in Shields
  6862 | D:6      | Reached skill level 6 in Shields
  7016 | D:6      | Reached skill level 7 in Shields
  7054 | D:6      | Found a basalt altar of Yredelemnul.
  7521 | D:6      | Noticed Duvessa
  7521 | D:6      | Noticed Dowan
  7926 | D:7      | Reached skill level 8 in Earth Magic
  8046 | D:7      | Noticed Jeremiah
  8428 | D:7      | Killed Jeremiah
  8429 | D:7      | Reached skill level 8 in Shields
  8429 | D:7      | Reached XP level 10. HP: 52/66 MP: 6/19
  8604 | D:7      | Found a runed translucent door.
  8605 | D:7      | Noticed Crazy Yiuf
  8610 | D:7      | Killed Crazy Yiuf
  9063 | D:7      | Noticed Pikel
  9066 | D:7      | Reached skill level 9 in Shields
  9066 | D:7      | Reached skill level 9 in Earth Magic
  9096 | D:7      | Killed Pikel
  9291 | D:7      | Reached skill level 10 in Shields
  9291 | D:7      | Reached skill level 10 in Earth Magic
  9479 | D:7      | Reached ** piety under Hepliaklqana
  9480 | D:7      | Remembered your ancestor BADASS BOULDER as a battlemage
  9489 | D:7      | Reached skill level 1 in Evocations
  9982 | D:8      | Noticed Maggie
 10105 | D:8      | Killed Maggie
 10106 | D:8      | Reached skill level 2 in Evocations
 10571 | D:8      | Noticed a rime drake
 10585 | D:8      | Reached skill level 1 in Armour
 10618 | D:7      | Reached XP level 11. HP: 43/72 MP: 0/20
 10871 | D:8      | Found a staircase to the Lair.
 10980 | D:8      | Reached skill level 6 in Fighting
 10980 | D:8      | Reached skill level 2 in Armour
 10980 | D:8      | Reached skill level 3 in Evocations
 11583 | D:6      | Found a basalt altar of Yredelemnul.
 11595 | D:6      | Killed Duvessa
 11597 | D:6      | Killed Dowan
 11875 | D:6      | Found a shimmering altar of Xom.
 11875 | D:6      | Found a shimmering altar of Xom.
 11875 | D:6      | Found a shimmering altar of Xom.
 11875 | D:6      | Found a shimmering altar of Xom.
 11875 | D:6      | Found a shimmering altar of Xom.
 11876 | D:6      | Found a shimmering altar of Xom.
 12741 | D:9      | Found a glowing golden altar of the Shining One.
 12950 | D:9      | Reached skill level 11 in Shields
 12950 | D:9      | Reached skill level 7 in Spellcasting
 13165 | D:9      | Reached skill level 3 in Armour
 13171 | D:9      | Reached skill level 4 in Evocations
 13519 | D:10     | Entered Level 10 of the Dungeon
 13532 | D:10     | Reached skill level 11 in Earth Magic
 13635 | D:10     | Found a flagged portal.
 13647 | Bailey   | Entered a bailey
 14475 | Bailey   | Noticed an orc high priest
 14631 | Bailey   | Noticed an orc knight
 14635 | Bailey   | Killed an orc knight
 14661 | Bailey   | Killed an orc high priest
 14662 | Bailey   | Reached skill level 7 in Fighting
 14662 | Bailey   | Reached skill level 4 in Armour
 14817 | Bailey   | Acquired the scarf of Weightlessness {harm, rC+}
 14818 | Bailey   | Acquired a +1 pair of gloves of strength
 14901 | Bailey   | Found an iron altar of Okawaru.
 14901 | Bailey   | Noticed an orc knight
 14913 | Bailey   | Killed an orc knight
 15043 | Bailey   | Identified the +0 ring mail "Puru Wol" {rElec rCorr}
 15283 | D:10     | Found the +9 staff of Olgreb {rPois∞}
 15287 | D:10     | Found a runed translucent door.
 15295 | D:10     | Found a runed translucent gate.
 15295 | D:10     | Found a runed translucent gate.
 15296 | D:10     | Found a runed translucent door.
 15297 | D:10     | Reached *** piety under Hepliaklqana
 15304 | D:10     | Noticed a two-headed ogre
 15308 | D:10     | Killed a two-headed ogre
 15309 | D:10     | Reached XP level 12. HP: 81/81 MP: 10/23
 15387 | D:10     | Found a runed translucent gate.
 15458 | D:10     | Found Nytelup's Book Shop.
 15569 | D:10     | Noticed Harold
 15576 | D:10     | Killed Harold
 15577 | D:10     | Reached skill level 12 in Shields
 15577 | D:10     | Reached skill level 8 in Spellcasting
 15855 | D:10     | Bought a book of Iron for 480 gold pieces
 15861 | D:10     | Learned a level 5 spell: Lee's Rapid Deconstruction
 16167 | D:10     | Reached skill level 8 in Fighting
 16167 | D:10     | Reached skill level 12 in Earth Magic
 16169 | D:10     | Reached skill level 9 in Fighting
 16487 | Lair:1   | Entered Level 1 of the Lair of Beasts
 16792 | Lair:1   | Reached skill level 10 in Fighting
 16792 | Lair:1   | Reached skill level 9 in Spellcasting
 17224 | Lair:1   | Reached **** piety under Hepliaklqana
 17265 | Lair:1   | Reached skill level 1 in Invocations
 17265 | Lair:1   | Reached skill level 5 in Evocations
 17475 | Lair:1   | Reached skill level 2 in Invocations
 17702 | Lair:2   | Reached XP level 13. HP: 92/92 MP: 18/26
 17716 | Lair:2   | Found a gate leading to a gauntlet.
 17728 | Gauntlet | Entered a Gauntlet
 17728 | Gauntlet | Found a transporter.
 17728 | Gauntlet | Found a transporter.
 17762 | Gauntlet | Found a transporter.
 17765 | Gauntlet | Found a transporter.
 17765 | Gauntlet | Found a transporter.
 17775 | Gauntlet | Found a transporter.
 17779 | Gauntlet | Found a transporter.
 17789 | Gauntlet | Found a transporter.
 17883 | Gauntlet | Found a transporter.
 17891 | Gauntlet | Found a transporter.
 17895 | Gauntlet | Found a transporter.
 17905 | Gauntlet | Found a transporter.
 18012 | Gauntlet | Reached skill level 3 in Invocations
 18177 | Gauntlet | Identified the +1 pair of boots "Tuigyacs" {rPois rN++}
 18187 | Gauntlet | Acquired 417 gold pieces
 18197 | Gauntlet | Reached skill level 6 in Evocations
 18444 | Gauntlet | Noticed a minotaur
 18451 | Gauntlet | Killed a minotaur
 18452 | Gauntlet | Reached skill level 4 in Invocations
 18754 | Lair:2   | Found a staircase to the Snake Pit.
 18762 | Lair:2   | Reached skill level 10 in Spellcasting
 18901 | Lair:2   | Reached skill level 5 in Invocations
 18906 | Lair:2   | Reached skill level 7 in Evocations
 18940 | Lair:2   | Reached skill level 6 in Invocations
 19121 | Lair:2   | Found a transporter.
 19128 | Lair:2   | Noticed dittoslash's ghost (journeyman TrFi)
 19135 | Lair:2   | Identified the +4 leather armour of Rotini {Int+3}
 19151 | Lair:2   | Found a transporter.
 19154 | Lair:2   | Found a bloodstained altar of Trog.
 19447 | Lair:2   | Noticed a seven-headed hydra
 19454 | Lair:2   | Killed a seven-headed hydra
 19455 | Lair:2   | Reached skill level 7 in Invocations
 19455 | Lair:2   | Reached skill level 8 in Evocations
 19713 | Lair:2   | Noticed a four-headed hydra
 19720 | Lair:2   | Killed a four-headed hydra
 19980 | Lair:2   | Reached skill level 8 in Invocations
 20177 | Lair:2   | Noticed a four-headed hydra
 20181 | Lair:2   | Killed a four-headed hydra
 20330 | Lair:2   | Found a staircase to the Swamp.
 20526 | Lair:3   | Reached ***** piety under Hepliaklqana
 20541 | Lair:3   | Reached skill level 9 in Invocations
 20682 | Lair:3   | Reached skill level 10 in Invocations
 21225 | Lair:4   | Noticed a five-headed hydra
 21229 | Lair:4   | Killed a five-headed hydra
 21703 | Lair:4   | Reached XP level 14. HP: 99/99 MP: 13/28
 21838 | Lair:4   | Reached skill level 11 in Invocations
 22478 | Lair:5   | Entered Level 5 of the Lair of Beasts
 22621 | Lair:5   | Reached skill level 12 in Invocations
 22626 | Lair:5   | Reached skill level 2 in Dodging
 22890 | Lair:4   | Reached skill level 5 in Armour
 22890 | Lair:4   | Reached skill level 3 in Dodging
 23169 | Lair:5   | Noticed a dire elephant
 23169 | Lair:5   | Noticed a dire elephant
 23171 | Lair:5   | Noticed a dire elephant
 23737 | Lair:5   | Found a viscous altar of Jiyva.
 23737 | Lair:5   | Found a staircase to the Slime Pits.
 23986 | Lair:5   | Identified the +6 short sword "Quaxios" {heavy, rElec rPois
                  | rF+ Will+}
 23989 | Lair:5   | Noticed a dire elephant
 24000 | Lair:5   | Killed a dire elephant
 24001 | Lair:5   | Reached skill level 6 in Armour
 24001 | Lair:5   | Reached skill level 4 in Dodging
 24456 | Lair:5   | Reached skill level 11 in Spellcasting
 24881 | Lair:5   | Reached skill level 7 in Armour
 24881 | Lair:5   | Reached skill level 5 in Dodging
 25065 | Lair:5   | Killed a dire elephant
 25186 | Lair:5   | Killed a dire elephant
 25411 | Lair:5   | Killed a dire elephant
 25412 | Lair:5   | Reached XP level 15. HP: 85/103 MP: 4/30
 25852 | D:11     | Found a staircase to the Orcish Mines.
 25904 | D:11     | Reached ****** piety under Hepliaklqana
 26327 | Orc:1    | Entered Level 1 of the Orcish Mines
 26719 | Orc:2    | Entered Level 2 of the Orcish Mines
 26753 | Orc:2    | Reached skill level 8 in Armour
 27010 | Orc:2    | Reached skill level 6 in Dodging
 27101 | Orc:2    | Noticed Urug
 27114 | Orc:2    | Killed Urug
 27255 | Orc:2    | Found a runed translucent gate.
 27255 | Orc:2    | Found a runed translucent gate.
 27256 | Orc:2    | Found a runed translucent gate.
 27257 | Orc:2    | Found an iron altar of Okawaru.
 27257 | Orc:2    | Found the +7 great mace "Undeadhunter" {deathbane, rN+}
 27257 | Orc:2    | Noticed Revguard's ghost (journeyman TeGl)
 27515 | Orc:2    | Reached skill level 12 in Spellcasting
 27695 | Orc:2    | Noticed an orc warlord
 27698 | Orc:2    | Reached skill level 7 in Dodging
 27715 | Orc:2    | Killed an orc warlord
 28020 | Orc:2    | Found Lyriar's Jewellery Boutique.
 28039 | Orc:2    | Found a staircase to the Elven Halls.
 28072 | Orc:2    | Found Pentub's Antique Weapon Boutique.
 28088 | Orc:2    | Found Teneor's General Store.
 28103 | Orc:2    | Found Eblur's Antique Armour Boutique.
 28111 | Orc:2    | Bought a faintly humming scarf for 300 gold pieces
 28111 | Orc:2    | Identified the scarf "Kiwug" {rC+ rF+, Str+3 Dex+4} (You
                  | bought it in a shop on level 2 of the Orcish Mines)
 28306 | D:5      | Bought a scroll of acquirement for 572 gold pieces
 28306 | D:5      | Bought a scroll of revelation for 82 gold pieces
 28306 | D:5      | Bought a scroll of enchant armour for 82 gold pieces
 28315 | D:5      | Acquired a staff of earth
 28743 | Orc:2    | Bought a scroll of fear for 60 gold pieces
 28743 | Orc:2    | Bought a scroll of identify for 30 gold pieces
 28743 | Orc:2    | Bought a scroll of butterflies for 60 gold pieces
 28743 | Orc:2    | Bought a phial of floods for 600 gold pieces
 28922 | D:12     | Reached skill level 13 in Earth Magic
 29222 | D:12     | Noticed Fannar
 29229 | D:12     | Killed Fannar
 29271 | D:12     | Found a frozen archway.
 29340 | IceCv    | Entered an ice cave
 29533 | IceCv    | Reached skill level 14 in Earth Magic
 29872 | D:12     | Noticed Azrael
 29883 | D:12     | Killed Azrael
 30021 | D:12     | Noticed Jorgrun
 30031 | D:12     | Killed Jorgrun
 30041 | D:12     | Reached skill level 15 in Earth Magic
 30748 | D:13     | Reached XP level 16. HP: 96/109 MP: 28/32
 31429 | D:13     | Reached skill level 5 in Conjurations
 31582 | D:13     | Found a gate to the Vaults.
 32391 | D:14     | Reached skill level 13 in Shields
 32682 | D:14     | Found Kitravou's General Store.
 32687 | D:14     | Bought a scroll of butterflies for 64 gold pieces
 32778 | D:14     | Reached skill level 11 in Fighting
 32958 | D:14     | Found a portal to a secret trove of treasure.
 33039 | D:14     | Found a runed translucent door.
 33158 | D:14     | Found a runed translucent door.
 33158 | D:14     | Found a runed translucent door.
 33182 | D:14     | Reached skill level 6 in Conjurations
 33391 | D:14     | Reached skill level 13 in Spellcasting
 33916 | D:15     | Entered Level 15 of the Dungeon
 34201 | D:15     | Reached skill level 14 in Shields
 34201 | D:15     | Reached XP level 17. HP: 119/119 MP: 21/34
 34336 | D:15     | Found a staircase to the Depths.
 34454 | D:15     | Reached skill level 12 in Fighting
 34454 | D:15     | Reached skill level 7 in Conjurations
 34939 | D:15     | Learned a level 1 spell: Apportation
 35189 | Snake:1  | Entered Level 1 of the Snake Pit
 35546 | Snake:1  | Found a shimmering altar of Xom.
 35830 | Snake:2  | Noticed Louise
 35837 | Snake:2  | Killed Louise
 35906 | Snake:2  | Found Numorreh's Antique Weapon Emporium.
 35908 | Snake:2  | Found Biodes's Magic Scroll Shoppe.
 35911 | Snake:2  | Found Sosunuapyz's Magic Scroll Emporium.
 35920 | Snake:2  | Noticed Vashnia
 35928 | Snake:2  | Reached skill level 8 in Conjurations
 36032 | Snake:2  | Reached skill level 14 in Spellcasting
 36087 | Snake:2  | Killed Vashnia
 36755 | Snake:2  | Found a shadowy altar of Dithmenos.
 36964 | Snake:2  | Reached skill level 9 in Conjurations
 37456 | Snake:3  | Reached skill level 15 in Spellcasting
 37772 | Snake:3  | Identified the +9 hand axe of Tortfeasance {flame, rF-
                  | Int+5}
 37858 | Snake:3  | Reached skill level 10 in Conjurations
 37882 | Snake:3  | Reached XP level 18. HP: 114/126 MP: 3/37
 38266 | Snake:3  | Reached skill level 11 in Conjurations
 38559 | Snake:3  | Learned a level 6 spell: Leda's Unmaking
 38598 | Snake:4  | Entered Level 4 of the Snake Pit
 38659 | Snake:4  | Noticed Aizul
 38673 | Snake:3  | Killed Aizul
 39112 | Snake:4  | Reached skill level 12 in Conjurations
 39185 | Snake:4  | Found Cuipron's One-of-a-Kind Rings.
 39790 | Snake:4  | Reached skill level 9 in Evocations
 40027 | Snake:4  | Found Oruost's Assorted Antiques.
 40043 | Snake:4  | Bought a scroll of identify for 42 gold pieces
 40447 | Snake:4  | Reached skill level 13 in Fighting
 40493 | Snake:4  | Got a serpentine rune of Zot
 40652 | Snake:4  | Reached skill level 16 in Earth Magic
 40742 | Snake:4  | Reached XP level 19. HP: 127/134 MP: 17/38
 40994 | Swamp:1  | Entered Level 1 of the Swamp
 41001 | Swamp:1  | Reached skill level 10 in Evocations
 41740 | Snake:2  | Bought a scroll of acquirement for 988 gold pieces
 41740 | Snake:2  | Bought a scroll of identify for 38 gold pieces
 41741 | Snake:2  | Acquired 987 gold pieces
 41931 | Swamp:2  | Noticed a tentacled monstrosity
 41936 | Swamp:2  | Killed a tentacled monstrosity
 42304 | Swamp:2  | Identified the +0 pair of boots of the Curupira {-Tele
                  | Str+3 Dex+6}
 42306 | Swamp:2  | Got a disorganized book
 42315 | Swamp:2  | Learned a level 5 spell: Borgnjor's Vile Clutch
 42644 | Swamp:3  | Noticed Mara
 42798 | Swamp:3  | Killed Mara
 42799 | Swamp:3  | Reached skill level 14 in Fighting
 42937 | Swamp:3  | Reached skill level 17 in Earth Magic
 43489 | Swamp:4  | Entered Level 4 of the Swamp
 43517 | Swamp:4  | Reached skill level 8 in Dodging
 43805 | Swamp:4  | Identified the +1 dagger "Kygeqil" {venom, Str+2}
 44065 | Swamp:4  | Identified the +1 ring mail of Plasticity {SInv}
 44237 | Swamp:4  | Reached skill level 9 in Dodging
 44257 | Swamp:4  | Reached skill level 18 in Earth Magic
 44484 | Swamp:4  | Reached XP level 20. HP: 123/143 MP: 14/39
 44562 | Swamp:4  | Found a blossoming altar of Fedhas.
 44609 | Swamp:4  | Found a basalt altar of Yredelemnul.
 44622 | Swamp:4  | Got a decaying rune of Zot
 45186 | Elf:1    | Entered Level 1 of the Elven Halls
 45263 | Elf:1    | Noticed Roxanne
 45268 | Elf:1    | Killed Roxanne
 45374 | Elf:1    | Reached skill level 10 in Dodging
 45396 | Elf:1    | Reached skill level 19 in Earth Magic
 45630 | Elf:1    | Found a runed translucent gate.
 45630 | Elf:1    | Found a runed translucent gate.
 45630 | Elf:1    | Found a runed translucent gate.
 45630 | Elf:1    | Found a runed translucent gate.
 45630 | Elf:1    | Found a runed translucent gate.
 45632 | Elf:1    | Found a runed translucent gate.
 46332 | Elf:1    | Found Eppitig's Book Boutique.
 46614 | Elf:2    | Reached skill level 20 in Earth Magic
 46978 | Elf:2    | Identified the +5 chain mail of Veven {-Tele Rampage rPois
                  | Dex+7}
 47199 | Elf:2    | Found a runed translucent gate.
 47199 | Elf:2    | Found a runed translucent gate.
 47199 | Elf:2    | Found a runed translucent gate.
 47637 | Elf:3    | Entered Level 3 of the Elven Halls
 48016 | Elf:3    | Found a radiant altar of Vehumet.
 48308 | Elf:3    | Reached skill level 9 in Armour
 48768 | Elf:3    | Identified the +0 great sword of Diet Blood {heavy, rC+
                  | Stlth+}
 48799 | Elf:3    | Reached XP level 21. HP: 142/143 MP: 24/40
 48893 | Elf:3    | Identified the +6 war axe "Biwuusia" {protect, Contam rElec
                  | rC+ SInv}
 48897 | Elf:3    | Reached skill level 1 in Necromancy
 48926 | Elf:3    | Identified the ring "Ciunaon" {Contam rElec Int+2 SInv}
 49030 | Abyss:2  | Cast into level 2 of the Abyss (a deep elf demonologist)
 49044 | Abyss:2  | Found a corrupted altar of Lugonu.
 49089 | Abyss:2  | Reached skill level 2 in Necromancy
 49096 | Abyss:2  | Reached skill level 15 in Fighting
 49396 | Abyss:2  | Reached skill level 3 in Necromancy
 49451 | Abyss:2  | Noticed a bone dragon
 49457 | Abyss:2  | Killed a bone dragon
 49458 | Abyss:2  | Reached skill level 13 in Conjurations
 49460 | Elf:3    | Escaped the Abyss
 49462 | Elf:3    | Identified the ring "Hosahoc" {rElec rF+ Int+6}
 49471 | Elf:3    | Reached skill level 10 in Armour
 49814 | Elf:3    | Identified the +0 scale mail "Unteczoz" {rElec rPois Dex-5}
 49922 | Elf:3    | Identified the +7 spear of the Threshing Gods {chaos, rElec
                  | Will+ Str+2}
 50063 | Elf:3    | Identified the staff of Dishonesty {rPois rC+ Str+2 Int-5
                  | Dex+6 Ice}
 50091 | Elf:3    | Identified the +4 dagger "Paucseobry" {flame, Str+3}
 50548 | Vaults:1 | Entered Level 1 of the Vaults
 50703 | Vaults:1 | Reached skill level 16 in Fighting
 51125 | Vaults:1 | Reached skill level 17 in Fighting
 51750 | Vaults:1 | Reached XP level 22. HP: 146/163 MP: 25/41
 51753 | Vaults:1 | Reached skill level 14 in Conjurations
 52154 | Vaults:2 | Reached skill level 18 in Fighting
 52315 | Vaults:2 | Found Fesmariw's Assorted Antiques.
 52323 | Vaults:2 | Bought a potion of heal wounds for 140 gold pieces
 52323 | Vaults:2 | Bought a smoking leather armour for 196 gold pieces
 52323 | Vaults:2 | Identified the +2 leather armour of the Iron Devil {-Tele
                  | Str+6 Int+4} (You bought it in a shop on level 2 of the
                  | Vaults)
 52687 | Vaults:2 | Found a staircase to the Crypt.
 52715 | Vaults:2 | Noticed a dread lich
 52721 | Vaults:2 | Killed a dread lich
 52860 | Vaults:2 | Reached skill level 19 in Fighting
 53939 | Vaults:3 | Reached skill level 20 in Fighting
 53939 | Vaults:3 | Reached skill level 21 in Earth Magic
 54707 | Vaults:3 | Reached skill level 15 in Conjurations
 55417 | Vaults:4 | Reached skill level 22 in Earth Magic
 55417 | Vaults:4 | Reached XP level 23. HP: 175/176 MP: 36/42
 56259 | Vaults:4 | Noticed Frederick
 56266 | Vaults:4 | Killed Frederick
 56270 | Vaults:4 | Reached skill level 21 in Fighting
 56975 | Vaults:4 | Reached skill level 16 in Spellcasting
 57181 | Vaults:4 | Learned a level 8 spell: Lehudib's Crystal Spear
 57186 | Vaults:4 | Learned a level 4 spell: Animate Armour
 57189 | Vaults:4 | Learned a level 2 spell: Sublimation of Blood
 57417 | Depths:1 | Entered Level 1 of the Depths
 57534 | Depths:1 | Found a magical portal.
 57541 | WizLab   | Entered The Hall of the Hellbinder
 58123 | WizLab   | Noticed Baicod
 58129 | WizLab   | Killed Baicod the Hellbinder
 58314 | WizLab   | Found a burning altar of Makhleb.
 58328 | WizLab   | Identified the ring "Vuleteyr" {Str+6 Int+4}
 58353 | WizLab   | Got a levitating book
 58498 | WizLab   | Learned a level 7 spell: Spellforged Servitor
 58624 | Depths:1 | Found a one-way gateway to a ziggurat.
 58627 | Depths:1 | Reached skill level 1 in Summonings
 58711 | Depths:1 | Found a one-way gate to the infinite horrors of the Abyss.
 58787 | Depths:1 | Noticed a caustic shrike
 58790 | Depths:1 | Killed a caustic shrike
 58791 | Depths:1 | Reached skill level 2 in Summonings
 58818 | Depths:1 | Reached skill level 22 in Fighting
 58818 | Depths:1 | Reached skill level 3 in Summonings
 58850 | Depths:1 | Reached skill level 4 in Summonings
 58919 | Depths:1 | Noticed a juggernaut
 58922 | Depths:1 | Killed a juggernaut
 58923 | Depths:1 | Reached skill level 5 in Summonings
 59072 | Depths:1 | Noticed a golden dragon
 59077 | Depths:1 | Killed a golden dragon
 59078 | Depths:1 | Reached skill level 17 in Spellcasting
 59078 | Depths:1 | Reached XP level 24. HP: 189/189 MP: 22/44
 59143 | Depths:1 | Reached skill level 6 in Summonings
 59427 | Depths:1 | Reached skill level 7 in Summonings
 59560 | Depths:1 | Reached skill level 8 in Summonings
 59872 | Depths:1 | Found a gateway to Hell.
 60010 | Depths:1 | Found the +3 salamander hide armour {Flames, rFlCloud rF++
                  | rC--}
 60076 | Depths:1 | Reached skill level 9 in Summonings
 60277 | Depths:2 | Found a transporter.
 60303 | Depths:2 | Found a flickering gateway to a bazaar.
 60312 | Bazaar   | Entered a bazaar
 60312 | Bazaar   | Found Uhisowodgh's Antique Armour Shop.
 60406 | Bazaar   | Found Piabiosch's Antique Weapon Shop.
 60426 | Bazaar   | Found Faul's General Store.
 60434 | Bazaar   | Bought a scroll of enchant armour for 97 gold pieces
 60652 | D:14     | You paid a toll of +6 fire dragon scales to enter a
                  | treasure trove
 60653 | Trove    | Entered a treasure trove
 60664 | Trove    | Identified the amulet "Roimydai" {Regen+ Dex+5}
 60667 | Trove    | Identified the amulet "Keku" {rF+ Regen+ Str+3 Dex-2}
 60673 | Trove    | Identified the ring of Fragile Peace {Contam rC+ EV+5 Int+2
                  | Stlth+}
 60682 | Trove    | Identified the ring of Broken Luck {rF+ EV+5}
 60686 | Trove    | Identified the ring of Piecvani {rC++ Slay+4}
 60692 | Trove    | Identified the amulet "Lenac" {Acrobat rPois rF+ rC- Will-
                  | Dex+6}
 60844 | Depths:2 | Found a transporter.
 60975 | Depths:2 | Found a one-way gate leading to the halls of Pandemonium.
 61233 | Depths:2 | Reached skill level 10 in Summonings
 61421 | Depths:2 | Reached skill level 18 in Spellcasting
 62239 | Depths:3 | Found a radiant altar of Vehumet.
 62603 | Depths:3 | Reached skill level 11 in Summonings
 62676 | Depths:3 | Got an ancient book
 62984 | Depths:3 | Learned a level 5 spell: Irradiate
 62995 | Depths:4 | Entered Level 4 of the Depths
 63013 | Depths:4 | Identified the ring "Ohaboama" {Ice rPois rN+ Str+3 Int-3}
 63013 | Depths:4 | Noticed Josephina
 63026 | Depths:4 | Killed Josephina
 63185 | Depths:4 | Reached skill level 4 in Transmutations
 63401 | Depths:4 | Reached skill level 11 in Armour
 63453 | Depths:4 | Reached skill level 5 in Transmutations
 63573 | Depths:4 | Noticed a golden dragon
 63575 | Depths:4 | Found a gate to the Realm of Zot.
 63580 | Depths:4 | Killed a golden dragon
 63823 | Depths:4 | Reached XP level 25. HP: 192/195 MP: 36/45
 63826 | Depths:4 | Reached skill level 11 in Dodging
 63857 | Depths:4 | Reached skill level 12 in Summonings
 63857 | Depths:4 | Reached skill level 6 in Transmutations
 64726 | Snake:4  | Bought the ring of Riptoch {rN+ Will+ MP+9 Dex+6} for 1505
                  | gold pieces
 64786 | Snake:2  | Bought a scroll of enchant armour for 127 gold pieces
 64786 | Snake:2  | Bought a scroll of fog for 68 gold pieces
 65400 | Vaults:5 | Entered Level 5 of the Vaults
 65544 | Vaults:5 | Reached skill level 13 in Summonings
 65550 | Vaults:5 | Reached skill level 12 in Armour
 65884 | Vaults:5 | Noticed Mennas
 65892 | Vaults:5 | Killed Mennas
 65901 | Vaults:5 | Reached skill level 12 in Dodging
 66042 | Vaults:5 | Noticed a dread lich
 66052 | Vaults:5 | Killed a dread lich
 66059 | Vaults:5 | Reached skill level 13 in Armour
 66287 | Vaults:5 | Acquired 880 gold pieces
 66356 | Vaults:5 | Found Kufy's Jewellery Shop.
 66372 | Vaults:5 | Found Elaugrei's Jewellery Boutique.
 66377 | Vaults:5 | Identified the +5 scimitar "Iphioll" {drain, Fly rCorr}
 66381 | Vaults:5 | Reached skill level 13 in Dodging
 66487 | Vaults:5 | Identified the ring of Atheism {rC- Will+ Int+3 Dex+8
                  | Stlth+}
 66737 | Vaults:5 | Identified the +6 war axe of Valour {holy, rN+ rCorr Int+3
                  | Dex-2}
 66932 | Vaults:5 | Identified the ring "Tigijif" {Ice Int+5 Stlth-}
 67106 | Vaults:5 | Got a silver rune of Zot
 67121 | Vaults:5 | Reached XP level 26. HP: 201/201 MP: 45/45
 67122 | Vaults:5 | Noticed an ancient lich
 67125 | Vaults:5 | Killed an ancient lich
 67366 | Vaults:5 | Noticed Jory
 67376 | Vaults:5 | Killed Jory
 67494 | Vaults:5 | Found the ring of the Octopus King {rN+ HP+2 AC+2 EV+2
                  | SH+2}
 67605 | Vaults:5 | Identified the staff "Viez" {rF+ Str+5 Int-5 Stlth+ Fire}
 67828 | Vaults:2 | Bought 2 potions of ambrosia for 448 gold pieces
 67828 | Vaults:2 | Bought a potion of brilliance for 112 gold pieces
 67828 | Vaults:2 | Bought a scroll of revelation for 210 gold pieces
 68138 | Zot:1    | Entered Level 1 of the Realm of Zot
 69019 | Zot:2    | Noticed an orb of fire
 69031 | Zot:2    | Killed an orb of fire
 69032 | Zot:2    | Reached skill level 19 in Spellcasting
 69047 | Zot:2    | Reached skill level 23 in Earth Magic
 69049 | Zot:2    | Reached skill level 16 in Conjurations
 69049 | Zot:2    | Noticed a curse toe
 69059 | Zot:2    | Killed a curse toe
 70031 | Zot:5    | Entered Level 5 of the Realm of Zot
 71019 | Zot:5    | Noticed an ancient lich
 71026 | Zot:5    | Killed an ancient lich
 71027 | Zot:5    | Reached XP level 27. HP: 207/207 MP: 25/46
 71137 | Zot:5    | Noticed an ancient lich
 71142 | Zot:5    | Killed an ancient lich
 72262 | Zot:5    | Noticed an orb of fire
 72266 | Zot:5    | Gained mutation: You possess an exceptional clarity of
                  | mind. [an orb of fire]
 72269 | Zot:5    | Killed an orb of fire
 72302 | Zot:5    | Noticed an orb of fire
 72303 | Zot:5    | Gained mutation: Your body sometimes deteriorates upon
                  | taking damage. [an orb of fire]
 72306 | Zot:5    | Killed an orb of fire
 72308 | Zot:5    | Noticed an orb of fire
 72312 | Zot:5    | Killed an orb of fire
 72313 | Zot:5    | Reached skill level 20 in Spellcasting
 72313 | Zot:5    | Reached skill level 24 in Earth Magic
 72322 | Zot:5    | Noticed a Killer Klown
 72324 | Zot:5    | Killed a Killer Klown
 72431 | Zot:5    | Noticed an orb of fire
 72440 | Zot:5    | Killed an orb of fire
 72441 | Zot:5    | Reached skill level 17 in Conjurations
 72471 | Zot:5    | Noticed an ancient lich
 72479 | Zot:5    | Killed an ancient lich
 73280 | Zot:5    | Noticed an orb of fire
 73284 | Zot:5    | Gained mutation: You occasionally lose the ability to read
                  | scrolls when taking damage. [an orb of fire]
 73287 | Zot:5    | Killed an orb of fire
 73290 | Zot:5    | Noticed an orb of fire
 73290 | Zot:5    | Gained mutation: You have hidden genetic defects. [an orb
                  | of fire]
 73296 | Zot:5    | Killed an orb of fire
 73488 | Zot:5    | Noticed an orb of fire
 73491 | Zot:5    | Noticed an orb of fire
 73493 | Zot:5    | Noticed an orb of fire
 73494 | Zot:5    | Killed an orb of fire
 73501 | Zot:5    | Gained mutation: You are frail. (-10% HP) [an orb of fire]
 73502 | Zot:5    | Killed an orb of fire
 73503 | Zot:5    | Noticed an ancient lich
 73504 | Zot:5    | Killed an orb of fire
 73514 | Zot:5    | Killed an ancient lich
 73766 | Zot:5    | Lost mutation: You possess an exceptional clarity of mind.
                  | [potion of mutation]
 73766 | Zot:5    | Lost mutation: You occasionally lose the ability to read
                  | scrolls when taking damage. [potion of mutation]
 73766 | Zot:5    | Gained mutation: You occasionally lose the ability to read
                  | scrolls when taking damage. [potion of mutation]
 73766 | Zot:5    | Gained mutation: You have large cloven feet. [potion of
                  | mutation]
 73766 | Zot:5    | Gained mutation: You are agile. (Dex +4, Str/Int -1)
                  | [potion of mutation]
 73767 | Zot:5    | Lost mutation: You have large cloven feet. [potion of
                  | mutation]
 73767 | Zot:5    | Lost mutation: You occasionally lose the ability to read
                  | scrolls when taking damage. [potion of mutation]
 73767 | Zot:5    | Lost mutation: You have hidden genetic defects. [potion of
                  | mutation]
 73767 | Zot:5    | Lost mutation: You are agile. (Dex +4, Str/Int -1) [potion
                  | of mutation]
 73767 | Zot:5    | Gained mutation: Armour fits poorly on your strangely
                  | shaped body. [potion of mutation]
 73767 | Zot:5    | Gained mutation: You have large cloven feet. [potion of
                  | mutation]
 73768 | Zot:5    | Lost mutation: You are frail. (-10% HP) [potion of
                  | mutation]
 73768 | Zot:5    | Lost mutation: Your body sometimes deteriorates upon taking
                  | damage. [potion of mutation]
 73768 | Zot:5    | Gained mutation: You expend magic power (3 MP) to
                  | strengthen your wands. [potion of mutation]
 74019 | Zot:5    | Got the Orb of Zot
 74029 | Zot:5    | Gained mutation: You occasionally lose the ability to drink
                  | potions when taking damage. [a neqoxec]
 74292 | Depths:4 | Gained mutation: You are clumsy. (Dex -2) [a cacodemon]
 74351 | Depths:1 | Noticed Vanawk the pandemonium lord
 74683 | D:1      | Noticed Eluonn the pandemonium lord
 74691 | D:1      | Killed Eluonn the pandemonium lord
 74692 | D:1      | Reached skill level 25 in Earth Magic
 74693 | D:1      | Reached skill level 21 in Spellcasting
 74713 | D:$      | Escaped with the Orb!

Illustrated notes

Levels and vault maps discovered:
D:1:      amcnicky_arrival_gap_in_the_tavern_cellar, layout_basic,
          minmay_distorted
D:2:      layout_loops_cross, hellmonk_ecumenical_altar_crossroads
D:3:      layout_basic, serial_park_tiny_1
D:4:      layout_basic, jmf_multi_god_temple, minmay_temple_entry_ruins,
          nicolae_elevator_lobby_asterisk
D:5:      layout_basic, nicolae_stop_n_shop_1
D:6:      layout_basic, xom_redecorated, yredelemnul_altar_generic, uniq_duvessa
D:7:      layout_loops_ring, kennysheep_dice, uniq_pikel,
          uniq_crazy_yiuf_cottage, uniq_jeremiah
D:8:      layout_loops_corners, hellmonk_lair_entry_icy, uniq_maggie
D:9:      layout_roguey, tso_metal_star
D:10:     layout_irregular_city, serial_shops, nicolae_inconvenience_store,
          enter_bailey_5, hangedman_abyss_or_decor_slice,
          palyth_stone_intersect, hangedman_abyss_or_decor_stabs,
          minmay_guarded_unrand_staff_of_olgreb, uniq_harold
D:11:     layout_long_grid, david_orc_3
D:12:     layout_gridville, portal_ice_cave_demonic_guard, onia_ninara_cookie,
          uniq_azrael, uniq_jorgrun, uniq_fannar
D:13:     layout_loops_ring, ximxim_vaults_locker_room, kennysheep_potato
D:14:     minmay_the_grid_triangle_9x9_line_8_mashed
          [minmay_the_grid_triangle_9x9_odd_lines,
          minmay_the_grid_triangle_9x9_subtriangle,
          minmay_the_grid_triangle_9x9_intruding_spiral,
          minmay_the_grid_triangle_9x9_corrupted_corridor,
          minmay_the_grid_triangle_9x9_flanged_cone,
          minmay_the_grid_triangle_9x9_tough_junction,
          minmay_the_grid_triangle_9x9_shrine,
          minmay_the_grid_triangle_9x9_prize_insulated], layout_irregular_city,
          serial_shops, shop, enter_trove_1
D:15:     hangedman_depths_entry_civil_slaughter, layout_irregular_city,
          minivault_11
Temple:   bh_familiar_temple
Lair:1:   layout_regular_city
Lair:2:   layout_roguey, palyth_hydra_swamp_entry,
          minmay_snake_entry_guardpost_small, gammafunk_ghost_wrathful_warriors,
          gauntlet_entry_generic, nicolae_quartered_pool_little
Lair:3:   layout_misc_corridors
Lair:4:   layout_cave_pods, serial_bayou_pond_d
Lair:5:   due_jungle_book, layout_regular_city, slime_entry_1,
          dreamdust_mushroom_princess, st_stairs_11, infiniplex_staircase_pool_2
Swamp:1:  layout_basic_swamp, evilmike_swamp_ruin_house_6
Swamp:2:  layout_basic_swamp, evilmike_swamp_ruin_rubble_1,
          nicolae_swamp_necromancy_gone_wrong
Swamp:3:  layout_basic_swamp, evilmike_swamp_ruin_house_1,
          infiniplex_staircase_pool, uniq_mara
Swamp:4:  byrel_swamp_growth_death_and_undeath, layout_basic_swamp, swamp_pool1,
          hangedman_swamp_blocks, cheibrodos_swamp_pet_leeches
Snake:1:  layout_onion_interference, basic_altar
Snake:2:  layout_grid_shapes, basic_altar, grunt_ministairs_12,
          nicolae_triple_integral, serial_bayou_shore_a, minmay_shop_star,
          uniq_louise, uniq_vashnia
Snake:3:  layout_rooms, nicolae_snake_dead_anacondas
Snake:4:  grunt_snake_rune_spirals, layout_onion_interference, serial_shops,
          nicolae_shop_overgrown_old_shop, drop_trap, nicolae_shop_unique_rings,
          lemuel_fruit_tree, uniq_aizul
Orc:1:    layout_caves, mumra_transporter_accident
Orc:2:    grunt_orc_cross, layout_diamond_mine, gammafunk_ghost_fury_of_okawaru,
          nicolae_orc_lava_tube
Elf:1:    nicolae_elf_arrival_fired_up, layout_geoelf_grid, serial_shops, shop,
          orc_legates, uniq_roxanne
Elf:2:    elven_hall_of_blades_hangedman_original [nicolae_blade_bullseye],
          layout_onion_city, st_stairs_13, nicolae_elf_deep_friendship
Elf:3:    minmay_elf_hall_spiked, layout_loops_corners, basic_altar,
          minmay_misc_feat_ornament, elves_outpost_lemuel
Vaults:1: nicolae_vaults_heist, hangedman_vaults_trim,
          nicolae_vaults_network_quinsquares
          [nicolae_vaults_network_quincunx_subvault,
          nicolae_vaults_network_quincunx_subvault,
          nicolae_vaults_network_quincunx_subvault,
          nicolae_vaults_network_quincunx_subvault], v_alt_pattern_4,
          nicolae_vaults_rhombus_5, nicolae_vaults_layer_cake_slice,
          layout_vaults_quadrants
Vaults:2: nicolae_vaults_lightning_bolt, hangedman_vaults_pinch,
          vaults_room_ringed_pool, nicolae_vaults_surprise_closet_hard,
          vaults_dpeg_diagonal, minmay_crypt_entry_nasty_monster,
          nicolae_vaults_circle_grid_a, nicolae_vaults_storage_closets_2,
          nicolae_vaults_wine_cellar, nicolae_vaults_prndl, v_pattern_3,
          nicolae_vaults_alarming, ontoclasm_vaults_eye,
          ontoclasm_vaults_ring_large, vaults_mumra_lcd, layout_vaults_omnibox,
          serial_shops, nicolae_shop_waterfront
Vaults:3: nicolae_vaults_house_3, grunt_vaults_hallway_long,
          nicolae_vaults_offset_grid_hallway_1, vaults_room_pool, v_misc_31,
          v_misc_8, st_cells, nicolae_vaults_hexular_roomagon,
          nicolae_vaults_double_plus_2, ontoclasm_vaults_pinch,
          ontoclasm_vaults_spin, layout_vaults_ring
Vaults:4: v_misc_8, grunt_vaults_focal, vaults_room_grid, v_pattern_1,
          hangedman_vaults_stagger, vaults_standard_mumra_lines,
          nicolae_vaults_stepped_doors, nicolae_vaults_more_shelving_1,
          v_misc_1, nicolae_vaults_trapezoid_2, nicolae_vaults_trapezoid_2,
          layout_vaults_chaotic_city, uniq_frederick
Vaults:5: uniq_jory, uniq_mennas, uniq_margery
Depths:1: minmay_central_circle, layout_cave_pools, enter_ziggurat_c,
          abyss_entry, pf_hell_entry_tar_spiral, mu_enter_wizlab_7,
          patterned_corridor, hellmonk_guarded_unrand_salamander
Depths:2: gammafunk_sealed_arena, layout_twisted_cross, rand_demon_pan_entry_5,
          abyss_entry, serial_shops, freezing_bzr, hell_entry,
          bh_walls_and_bars, grunt_megastairs_3,
          infiniplex_staircase_split_hallway
Depths:3: minmay_split_circle, layout_gridlike,
          nicolae_abyss_entry_one_way_or_another, pf_hell_entry_great_geh,
          nicolae_vehumet_altar_sigil
Depths:4: grunt_bruiser_brothers, layout_basic, minmay_room_of_horrors,
          hell_entry, ebering_dispersal_statue_hall,
          infiniplex_staircase_pool_lava, uniq_josephina
Zot:1:    layout_misc_corridors
Zot:2:    layout_cellular_growth, st_single_dragon_hoard_2
Zot:3:    layout_gridlike, hellmonk_ghost_happy_afterlife, hellmonk_body_bag,
          grunt_megastairs_5, lemuel_elevator
Zot:4:    layout_twisted_circle, zot_minivault_8, grunt_megastairs_4,
          uniq_tiamat
Zot:5:    layout_misc_corridors, grunt_ministairs_10

Skill      XL: |  1  2  3  4  5  6  7  8  9 10 11 12 13 14 15 16 17 18 19 20 21 22 23 24 25 26 27 |
---------------+----------------------------------------------------------------------------------+-----
Stealth        | 3 4 |  4.0
Spellcasting   | 3 4 6 7 9 10 11 12 13 15 17 18 19 21 | 21.0
Earth Magic    | 4 5 6 7 8 10 11 12 15 16 18 20 22 23 25 | 25.0
Conjurations   | 1 2 4 6 10 12 13 15 16 17 | 17.9
Fighting       | 2 3 4 5 7 10 11 12 13 14 17 20 22 | 22.0
Transmutations | 3 5 6 |  6.0
Shields        | 1 8 10 11 12 14 | 14.0
Evocations     | 2 4 5 8 9 10 | 10.0
Armour         | 1 4 7 8 9 10 11 13 | 13.0
Invocations    | 2 10 12 | 12.0
Dodging        | 5 7 9 10 13 | 13.0
Necromancy     | 3 |  3.0
Summonings     | 5 11 13 | 13.0

Action                     |  1- 3 |  4- 6 |  7- 9 | 10-12 | 13-15 | 16-18 | 19-21 | 22-24 | 25-27 || total
---------------------------+-------+-------+-------+-------+-------+-------+-------+-------+-------++-------
  Melee: Dagger            |    12 |     2 |     1 |     5 |       |       |       |       |       ||    20
         Staff             |       |       |       |    22 |    74 |    28 |    95 |   112 |   124 ||   455
   Cast: Sandblast         |    51 |    56 |    21 |    76 |    62 |    19 |       |       |       ||   285
         Stone Arrow       |       |    16 |    98 |   150 |   225 |   256 |     3 |    25 |     1 ||   774
         Passwall          |       |     1 |       |       |     5 |     1 |     2 |       |       ||     9
         Petrify           |       |       |       |     1 |       |       |       |       |       ||     1
         Lee's Rapid Decon |       |       |       |    13 |   109 |   134 |    55 |    36 |    61 ||   408
         Leda's Unmaking   |       |       |       |       |       |    99 |   306 |   420 |   237 ||  1062
         Borgnjor's Vile C |       |       |       |       |       |       |    79 |    25 |    31 ||   135
         Animate Armour    |       |       |       |       |       |       |       |     2 |     6 ||     8
         Irradiate         |       |       |       |       |       |       |       |     2 |    14 ||    16
         Lehudib's Crystal |       |       |       |       |       |       |       |       |    17 ||    17
         Spellforged Servi |       |       |       |       |       |       |       |       |    12 ||    12
 Invoke: Recall Ancestor   |       |       |     2 |     7 |    13 |     5 |     7 |     4 |    19 ||    57
         Ancestor Identity |       |       |     1 |       |       |       |       |       |       ||     1
         Ancestor Life: Ba |       |       |       |     1 |       |       |       |       |       ||     1
         Idealise          |       |       |       |       |     1 |     1 |     4 |     4 |     8 ||    18
         Transference      |       |       |       |       |       |       |       |       |     1 ||     1
Ability: Dig               |       |       |     3 |     1 |       |     1 |     1 |       |     1 ||     7
         Evoke the Staff o |       |       |       |     3 |    17 |       |       |       |       ||    20
  Evoke: Wand              |       |       |       |     7 |     8 |     6 |     3 |     5 |     6 ||    35
         Sack of spiders   |       |       |       |       |     2 |       |     1 |       |     2 ||     5
         Phantom mirror    |       |       |       |       |     2 |       |       |       |       ||     2
         Phial of floods   |       |       |       |       |     1 |     1 |       |     1 |     1 ||     4
         Tin of tremorston |       |       |       |       |       |     2 |       |     4 |       ||     6
    Use: Scroll            |       |     6 |     4 |    14 |    10 |     3 |     3 |     8 |    10 ||    58
         Potion            |       |     1 |       |       |       |     4 |       |       |    13 ||    18
   Stab: Sleeping          |       |     2 |       |     1 |       |       |       |       |       ||     3
         Paralysed         |       |       |       |     2 |     3 |       |       |       |       ||     5
         Distracted        |       |       |       |       |       |     1 |     2 |     3 |     3 ||     9
         Confused          |       |       |       |       |       |       |       |     1 |       ||     1
 Armour: Robe              |    18 |    20 |    23 |    18 |       |       |       |       |       ||    79
         Acid dragon scale |       |       |       |    49 |   138 |   229 |   105 |       |       ||   521
         Chain mail        |       |       |       |       |       |       |   114 |   246 |   173 ||   533
  Dodge: Dodged            |    13 |    13 |    11 |    23 |    89 |   123 |   128 |   169 |   157 ||   726
  Block: Kite shield       |       |       |     4 |    53 |   175 |   196 |   166 |   239 |   211 ||  1044
         Reflection        |       |       |       |       |    20 |    11 |       |       |       ||    31

Table legend: (Time is in decaauts)
 A = Elapsed time spent in this place.
 B = Non-inter-level travel time spent in this place.
 C = Inter-level travel time spent in this place.
 D = Time resting spent in this place.
 E = Time spent auto-exploring this place.
 F = Levels seen in this place.
 G = Mean time per level.
                   A        B        C        D        E       F      G
               +--------+--------+--------+--------+--------+-----+--------+
         Total |  75425 |  69367 |   6058 |  15993 |  40782 |  55 | 1371.4 |
       Dungeon |  23211 |  20625 |   2586 |   2827 |  14519 |  15 | 1547.4 |
        Temple |     71 |     14 |     57 |      0 |      8 |   1 |   71.0 |
          Lair |   8858 |   8108 |    750 |   2126 |   4955 |   5 | 1771.6 |
         Swamp |   3930 |   3687 |    243 |    522 |   2434 |   4 |  982.5 |
     Snake Pit |   5890 |   5325 |    565 |   1027 |   3175 |   4 | 1472.5 |
  Orcish Mines |   2361 |   2090 |    271 |    242 |   1477 |   2 | 1180.5 |
   Elven Halls |   4788 |   4535 |    253 |    880 |   2752 |   3 | 1596.0 |
        Vaults |   9523 |   8932 |    591 |    894 |   6452 |   5 | 1904.6 |
        Depths |   6077 |   5534 |    543 |    553 |   4032 |   4 | 1519.2 |
           Zot |   5994 |   5799 |    195 |   4466 |    254 |   5 | 1198.8 |
         Abyss |    437 |    437 |      0 |     33 |      0 |   1 |  437.0 |
        Bazaar |    136 |    136 |      0 |      0 |    119 |   1 |  136.0 |
         Trove |     64 |     64 |      0 |      0 |      0 |   1 |   64.0 |
        Bailey |   1606 |   1606 |      0 |    988 |    154 |   1 | 1606.0 |
      Ice Cave |    499 |    499 |      0 |    358 |     17 |   1 |  499.0 |
        Wizlab |    974 |    974 |      0 |    604 |    164 |   1 |  974.0 |
      Gauntlet |    997 |    997 |      0 |    473 |    267 |   1 |  997.0 |
               +--------+--------+--------+--------+--------+-----+--------+

Top non-repeatable levels by time:
   Zot:5: 4065 daAuts
  Lair:5: 2880 daAuts
     D:6: 2719 daAuts
Vaults:4: 2472 daAuts
  Lair:2: 2336 daAuts
   Elf:3: 2238 daAuts
     D:7: 2235 daAuts
    D:14: 2028 daAuts
Vaults:5: 2008 daAuts
Depths:1: 1999 daAuts
 Snake:2: 1904 daAuts
   Orc:2: 1897 daAuts
Vaults:2: 1823 daAuts
Vaults:1: 1797 daAuts
 Snake:3: 1791 daAuts
